PBL
DETROIT TIGERS @ COLORADO ROCKIES
08/22/2070
 
TOP OF THE 1ST
Detroit Tigers batting - Pitching for Colorado Rockies : LHP Ulbert Doppenberg
Pitching: LHP Ulbert Doppenberg
Batting: SHB Jorge Morán 0-0: Swinging Strike
0-1: Ball
1-1: Ball
2-1: Ball
3-1: Base on Balls
Batting: LHB Masanori Ikeda 0-0: Ball
1-0: Foul Ball, location: 2F
1-1: TRIPLE (Flyball, 78XD, EV 101.9 MPH)
Jorge Morán scores
Batting: RHB David Fisher 0-0: Ball
1-0: Foul Ball, location: 2F
1-1: Ball
2-1: Foul Ball, location: 2F
2-2: Ball
3-2: Strikes out swinging
Batting: RHB Luis Martínez 0-0: Ball
1-0: Ball
2-0: Ball
3-0: Base on Balls
Batting: RHB Pete Powell 0-0: Called Strike
0-1: Ball
1-1: Swinging Strike
1-2: Ball
2-2: Strikes out looking
Batting: RHB Takayuki Oda 0-0: Ball
1-0: Called Strike
1-1: Ball
2-1: Foul Ball, location: 5FF
2-2: Strikes out swinging
Top of the 1st over - 1 run, 1 hit, 0 errors, 2 left on base; Detroit 1 - Colorado 0
BOTTOM OF THE 1ST
Colorado Rockies batting - Pitching for Detroit Tigers : RHP Anastasio Reyes
Pitching: RHP Anastasio Reyes
Batting: RHB José Ramírez 0-0: Called Strike
0-1: Ball
1-1: Called Strike
1-2: Ground out 4-3 (Groundball, 4M, EV 88.1 MPH)
Batting: RHB Ryan Russell 0-0: Foul Ball, location: 5FF
0-1: Foul Ball, location: 2F
0-2: Foul Ball, location: 2F
0-2: Ball
1-2: Ball
2-2: Ground out 4-3 (Groundball, 4, EV 86.9 MPH)
Batting: RHB Chip Smith 0-0: Swinging Strike
0-1: Ground out 3-1 (Groundball, 34, EV 86.9 MPH)
Bottom of the 1st over - 0 runs, 0 hits, 0 errors, 0 left on base; Detroit 1 - Colorado 0
TOP OF THE 2ND
Detroit Tigers batting - Pitching for Colorado Rockies : LHP Ulbert Doppenberg
Batting: RHB Jim Velazaqau 0-0: Ball
1-0: Called Strike
1-1: Ball
2-1: Ball
3-1: Foul Ball, location: 5F
3-2: Foul Ball, location: 5FF
3-2: Base on Balls
Batting: LHB Miguel Martínez 0-0: Fly out, F5 (Popup, 5, EV 70.6 MPH)
Batting: LHB Archie Wood 0-0: Called Strike
0-1: Ball
1-1: Ball
2-1: Foul Ball, location: 7LMF
2-2: Strikes out looking
Batting: SHB Jorge Morán 0-0: Ball
1-0: Ball
2-0: Fly out, F6 (Popup, P, EV 81.9 MPH)
Top of the 2nd over - 0 runs, 0 hits, 0 errors, 1 left on base; Detroit 1 - Colorado 0
BOTTOM OF THE 2ND
Colorado Rockies batting - Pitching for Detroit Tigers : RHP Anastasio Reyes
Batting: LHB Dave Baker 0-0: Ball
1-0: Foul Ball, location: 5FF
1-1: Ball
2-1: SOLO HOME RUN (Line Drive, 7D, EV 101.3 MPH), Distance : 402 ft
Batting: LHB Kokei Kobayashi 0-0: Fly out, F6 (Line Drive, 6, EV 65.6 MPH)
Batting: SHB Steve Howard 0-0: Foul Ball, location: 3FF
0-1: Ball
1-1: Foul Ball, location: 2F
1-2: Strikes out swinging
Batting: SHB Forbes Utting 0-0: Foul Ball, location: 25F
0-1: Ball
1-1: Ball
2-1: Called Strike
2-2: Foul Ball, location: 7LDF
2-2: Fly out, F9 (Line Drive, 89M, EV 96.9 MPH)
Bottom of the 2nd over - 1 run, 1 hit, 0 errors, 0 left on base; Detroit 1 - Colorado 1
TOP OF THE 3RD
Detroit Tigers batting - Pitching for Colorado Rockies : LHP Ulbert Doppenberg
Batting: LHB Masanori Ikeda 0-0: Ball
1-0: Fly out, F6 (Popup, 15S, EV 86.9 MPH)
Batting: RHB David Fisher 0-0: Ball
1-0: Ball
2-0: Ball
3-0: Swinging Strike
3-1: Swinging Strike
3-2: Fly out, F9 (Flyball, 9S, EV 85.0 MPH)
Batting: RHB Luis Martínez 0-0: Foul Ball, location: 3F
0-1: Called Strike
0-2: SOLO HOME RUN (Flyball, 89XD, EV 99.4 MPH), Distance : 395 ft
Batting: RHB Pete Powell 0-0: Ball
1-0: Ball
2-0: Called Strike
2-1: Called Strike
2-2: Strikes out looking
Top of the 3rd over - 1 run, 1 hit, 0 errors, 0 left on base; Detroit 2 - Colorado 1
BOTTOM OF THE 3RD
Colorado Rockies batting - Pitching for Detroit Tigers : RHP Anastasio Reyes
Batting: SHB William Pearson 0-0: Bunted foul
0-1: Called Strike
0-2: Foul Ball, location: 2F
0-2: Fly out, F7 (Flyball, 7D, EV 80.6 MPH)
Batting: RHB Felipe Andrade 0-0: Ball
1-0: Foul Ball, location: 3F
1-1: Foul Ball, location: 5F
1-2: Ball
2-2: Ball
3-2: Fly out, F3 (Popup, 3SF, EV 83.1 MPH)
Batting: RHB José Ramírez 0-0: Called Strike
0-1: Fly out, F7 (Flyball, 7D, EV 103.1 MPH)
Bottom of the 3rd over - 0 runs, 0 hits, 0 errors, 0 left on base; Detroit 2 - Colorado 1
TOP OF THE 4TH
Detroit Tigers batting - Pitching for Colorado Rockies : LHP Ulbert Doppenberg
Batting: RHB Takayuki Oda 0-0: Ground out 6-3 (Groundball, 56, EV 111.3 MPH)
Batting: RHB Jim Velazaqau 0-0: Foul Ball, location: 9LMF
0-1: Ball
1-1: SINGLE (Groundball, 34D, EV 100.6 MPH)
Batting: LHB Miguel Martínez 0-0: Ball
1-0: Swinging Strike
1-1: Swinging Strike
1-2: Strikes out looking
Batting: LHB Archie Wood 0-0: Called Strike
0-1: Swinging Strike
0-2: Ball
1-2: Foul Ball, location: 9LDF
1-2: Strikes out swinging
Top of the 4th over - 0 runs, 1 hit, 0 errors, 1 left on base; Detroit 2 - Colorado 1
BOTTOM OF THE 4TH
Colorado Rockies batting - Pitching for Detroit Tigers : RHP Anastasio Reyes
Batting: RHB Ryan Russell 0-0: Ball
1-0: Called Strike
1-1: Called Strike
1-2: Fly out, F5 (Line Drive, 56, EV 64.4 MPH)
Batting: RHB Chip Smith 0-0: Ball
1-0: Ball
2-0: Ground out 4-3 (Groundball, 4MD, EV 101.9 MPH)
Batting: LHB Dave Baker 0-0: Ball
1-0: Called Strike
1-1: Ball
2-1: Foul Ball, location: 25FF
2-2: Fly out, F8 (Flyball, 8RXD, EV 105.6 MPH)
Bottom of the 4th over - 0 runs, 0 hits, 0 errors, 0 left on base; Detroit 2 - Colorado 1
TOP OF THE 5TH
Detroit Tigers batting - Pitching for Colorado Rockies : LHP Ulbert Doppenberg
Batting: SHB Jorge Morán 0-0: Ball
1-0: Ball
2-0: Ball
3-0: Called Strike
3-1: Called Strike
3-2: Strikes out looking
Batting: LHB Masanori Ikeda 0-0: Ball
1-0: Ball
2-0: Foul Ball, location: 25F
2-1: Fly out, F7 (Flyball, 7LM, EV 91.9 MPH)
Batting: RHB David Fisher 0-0: Ball
1-0: Ground out 6-3 (Groundball, 6M, EV 81.3 MPH)
Top of the 5th over - 0 runs, 0 hits, 0 errors, 0 left on base; Detroit 2 - Colorado 1
BOTTOM OF THE 5TH
Colorado Rockies batting - Pitching for Detroit Tigers : RHP Anastasio Reyes
Batting: LHB Kokei Kobayashi 0-0: Foul Ball, location: 9LSF
0-1: Ball
1-1: Ball
2-1: SINGLE (Line Drive, 4MD, EV 95.6 MPH)
Batting: SHB Steve Howard 0-0: Foul Ball, location: 9LDF
0-1: Called Strike
0-2: Strikes out looking
Batting: SHB Forbes Utting 0-0: DOUBLE (Flyball, 8LXD, EV 102.5 MPH)
Kokei Kobayashi to third
Kokei Kobayashi scores
Batting: SHB William Pearson 0-0: DOUBLE (Groundball, 3L, EV 107.5 MPH)
Forbes Utting scores
Batting: RHB Felipe Andrade 0-0: Foul Ball, location: 9LDF
0-1: Ball
1-1: Ball
2-1: Ground out 6-3 (Groundball, 6, EV 90.0 MPH)
William Pearson to third
Batting: RHB José Ramírez 0-0: Ball
1-0: Called Strike
1-1: Swinging Strike
1-2: Foul Ball, location: 2F
1-2: Foul Ball, location: 2F
1-2: Ball
2-2: Strikes out swinging
Bottom of the 5th over - 2 runs, 3 hits, 0 errors, 1 left on base; Detroit 2 - Colorado 3
TOP OF THE 6TH
Detroit Tigers batting - Pitching for Colorado Rockies : LHP Ulbert Doppenberg
Pitching: RHP Alfred Bailey
Batting: RHB Luis Martínez 0-0: Called Strike
0-1: Called Strike
0-2: Strikes out swinging
Batting: RHB Pete Powell 0-0: Foul Ball, location: 2F
0-1: Fly out, F9 (Flyball, 9S, EV 94.4 MPH)
Batting: RHB Takayuki Oda 0-0: Called Strike
0-1: Ball
1-1: Ball
2-1: Fly out, F8 (Line Drive, 78M, EV 106.9 MPH)
Top of the 6th over - 0 runs, 0 hits, 0 errors, 0 left on base; Detroit 2 - Colorado 3
BOTTOM OF THE 6TH
Colorado Rockies batting - Pitching for Detroit Tigers : RHP Anastasio Reyes
Batting: RHB Ryan Russell 0-0: Ground out 4-3 (Groundball, 4, EV 89.4 MPH)
Batting: RHB Chip Smith 0-0: Called Strike
0-1: Swinging Strike
0-2: Ball
1-2: Ground out 1-5-3 (Groundball, 15S, EV 88.1 MPH)
Batting: LHB Dave Baker 0-0: Ball
1-0: Foul Ball, location: 3F
1-1: Foul Ball, location: 2F
1-2: Strikes out swinging
Bottom of the 6th over - 0 runs, 0 hits, 0 errors, 0 left on base; Detroit 2 - Colorado 3
TOP OF THE 7TH
Detroit Tigers batting - Pitching for Colorado Rockies : RHP Alfred Bailey
Batting: RHB Jim Velazaqau 0-0: Called Strike
0-1: Swinging Strike
0-2: Ball
1-2: Foul Ball, location: 2F
1-2: Foul Ball, location: 2F
1-2: Foul Ball, location: 9LDF
1-2: Ball
2-2: Ball
3-2: Fly out, F6 (Popup, 6MD, EV 72.5 MPH)
Pinch Hitting: LHB Jorge Fernández 0-0: Ball
1-0: Ball
2-0: Called Strike
2-1: Foul Ball, location: 7LDF
2-2: Strikes out swinging
Batting: LHB Archie Wood 0-0: Called Strike
0-1: Ball
1-1: Foul Ball, location: 2F
1-2: Strikes out swinging
Top of the 7th over - 0 runs, 0 hits, 0 errors, 0 left on base; Detroit 2 - Colorado 3
BOTTOM OF THE 7TH
Colorado Rockies batting - Pitching for Detroit Tigers : RHP Anastasio Reyes
Pitching: LHP Conner Cameron
Now at 2B: Katsuhiko Okamura
Batting: LHB Kokei Kobayashi 0-0: Called Strike
0-1: SINGLE (Line Drive, 34D, EV 68.8 MPH)
Batting: SHB Steve Howard 0-0: Bunted foul
0-1: Ball
1-1: Foul Ball, location: 23F
1-2: 2-RUN HOME RUN (Flyball, 78XD, EV 99.4 MPH), Distance : 407 ft
Batting: SHB Forbes Utting 0-0: Swinging Strike
0-1: Foul Ball, location: 2F
0-2: Ball
1-2: Foul Ball, location: 2F
1-2: Ball
2-2: Strikes out swinging
Batting: SHB William Pearson 0-0: Called Strike
0-1: Swinging Strike
0-2: Ball
1-2: Ball
2-2: Strikes out looking
Batting: RHB Felipe Andrade 0-0: Fly out, F7 (Flyball, 7S, EV 83.8 MPH)
Bottom of the 7th over - 2 runs, 2 hits, 0 errors, 0 left on base; Detroit 2 - Colorado 5
TOP OF THE 8TH
Detroit Tigers batting - Pitching for Colorado Rockies : RHP Alfred Bailey
Pitching: RHP Cooper Dubarry
Batting: SHB Jorge Morán 0-0: Called Strike
0-1: Ball
1-1: Ball
2-1: Ball
3-1: Foul Ball, location: 25F
3-2: Base on Balls
Batting: LHB Masanori Ikeda 0-0: SINGLE (Line Drive, 4M, EV 103.8 MPH)
Jorge Morán to second
Batting: RHB David Fisher 0-0: Called Strike
0-1: Ball
1-1: Ball
2-1: Called Strike
2-2: Ball
3-2: Fielders Choice at 2nd, 6-4 (Groundball, 6, EV 82.5 MPH)
Jorge Morán to third
Batting: RHB Luis Martínez 0-0: Ball
1-0: DOUBLE (Flyball, 89D, EV 111.3 MPH)
Jorge Morán scores
David Fisher to third
Runner from 3rd tries for Home, SAFE, throw by CF to trailing runner, OUT at third! 8-3-5
Batting: RHB Pete Powell 0-0: Ball
1-0: Ball
2-0: Swinging Strike
2-1: Foul Ball, location: 2F
2-2: Fly out, F9 (Flyball, 89D, EV 107.5 MPH)
Top of the 8th over - 2 runs, 2 hits, 0 errors, 0 left on base; Detroit 4 - Colorado 5
BOTTOM OF THE 8TH
Colorado Rockies batting - Pitching for Detroit Tigers : LHP Conner Cameron
Batting: RHB José Ramírez 0-0: Ball
1-0: Called Strike
1-1: Fly out, F9 (Flyball, 89M, EV 91.3 MPH)
Batting: RHB Ryan Russell 0-0: Ball
1-0: Swinging Strike
1-1: Ball
2-1: Ball
3-1: Base on Balls
Pitching: RHP Tim Sánchez
Batting: RHB Chip Smith 0-0: Called Strike
Ryan Russell is caught stealing 2nd base 2-4
0-1: Ball
1-1: Ball
2-1: Foul Ball, location: 2F
2-2: Foul Ball, location: 2F
2-2: Foul Ball, location: 2F
2-2: Fly out, F8 (Flyball, 8LD, EV 102.5 MPH)
Bottom of the 8th over - 0 runs, 0 hits, 0 errors, 0 left on base; Detroit 4 - Colorado 5
TOP OF THE 9TH
Detroit Tigers batting - Pitching for Colorado Rockies : RHP Cooper Dubarry
Now at 1B: Chip Smith
Now at 2B: Cedric McNeill
Now at 3B: Ryan Russell
Now in LF: Rubén Alaniz
Pinch Hitting: LHB Dong-po Xiong 0-0: Called Strike
0-1: SOLO HOME RUN (Flyball, 9LD, EV 98.8 MPH), Distance : 368 ft
Batting: RHB Jim Velazaqau 0-0: Foul Ball, location: 23F
0-1: Ball
1-1: Foul Ball, location: 5FF
1-2: Strikes out swinging
Batting: RHB Katsuhiko Okamura 0-0: Called Strike
0-1: Ball
1-1: SINGLE (Line Drive, 34, EV 98.8 MPH)
Pitching: RHP Juan Ramos
Batting: LHB Archie Wood 0-0: Ball
1-0: Called Strike
Katsuhiko Okamura steals 2nd base
1-1: Ball
2-1: Foul Ball, location: 5FF
2-2: Foul Ball, location: 9LSF
2-2: Strikes out swinging
Batting: SHB Jorge Morán 0-0: Ball
1-0: Called Strike
1-1: Ball
2-1: Foul Ball, location: 2F
2-2: Strikes out looking
Top of the 9th over - 1 run, 2 hits, 0 errors, 1 left on base; Detroit 5 - Colorado 5
BOTTOM OF THE 9TH
Colorado Rockies batting - Pitching for Detroit Tigers : RHP Tim Sánchez
Pitching: LHP Juan Ríos
Now in LF: Dong-po Xiong
Batting: RHB Clyde Walmsley 0-0: Swinging Strike
0-1: Called Strike
0-2: Strikes out swinging
Pinch Hitting: RHB Patrick Hammond 0-0: Ball
1-0: Fly out, F9 (Flyball, 9S, EV 93.8 MPH)
Batting: RHB Cedric McNeill 0-0: Ball
1-0: Foul Ball, location: 2F
1-1: Ball
2-1: Foul Ball, location: 2F
2-2: Ball
3-2: DOUBLE (Line Drive, 9LS, EV 96.3 MPH)
Batting: SHB Forbes Utting 0-0: Ball
1-0: Ball
2-0: Ground out 6-3 (Groundball, 6, EV 110.0 MPH)
Bottom of the 9th over - 0 runs, 1 hit, 0 errors, 1 left on base; Detroit 5 - Colorado 5
TOP OF THE 10TH
Detroit Tigers batting - Pitching for Colorado Rockies : RHP Juan Ramos
Now in RF: Patrick Hammond
Batting: LHB Masanori Ikeda 0-0: Ground out 1-3 (Groundball, 15S, EV 71.3 MPH)
Batting: RHB David Fisher 0-0: Ball
1-0: Ball
2-0: Ball
3-0: Called Strike
3-1: Foul Ball, location: 2F
3-2: Foul Ball, location: 2F
3-2: Base on Balls
Batting: RHB Luis Martínez 0-0: Called Strike
0-1: Called Strike
0-2: Ball
1-2: Strikes out swinging
Batting: RHB Pete Powell 0-0: Ball
1-0: Reached on error, E9 (Line Drive, 89M, EV 91.3 MPH)
David Fisher to third
Batting: LHB Dong-po Xiong 0-0: Intentional Walk
Pitching: RHP Barney Washington
Batting: RHB Jim Velazaqau 0-0: Ball
1-0: Foul Ball, location: 2F
1-1: Fly out, F9 (Flyball, 9, EV 81.9 MPH)
Top of the 10th over - 0 runs, 0 hits, 1 error, 3 left on base; Detroit 5 - Colorado 5
BOTTOM OF THE 10TH
Colorado Rockies batting - Pitching for Detroit Tigers : LHP Juan Ríos
Pitching: RHP Hamal bin Ra'id
Batting: SHB William Pearson 0-0: SINGLE (Groundball, 3S, EV 66.3 MPH) (infield hit)
Batting: RHB Rubén Alaniz 0-0: Foul Ball, location: 23FF
0-1: Called Strike
0-2: Strikes out looking
Batting: RHB José Ramírez 0-0: Swinging Strike
0-1: Ball
1-1: Swinging Strike
1-2: Ball
2-2: Foul Ball, location: 7LSF
2-2: Grounds into double play, 6-4-3 (Groundball, 6, EV 84.4 MPH)
Bottom of the 10th over - 0 runs, 1 hit, 0 errors, 0 left on base; Detroit 5 - Colorado 5
TOP OF THE 11TH
Detroit Tigers batting - Pitching for Colorado Rockies : RHP Barney Washington
Batting: RHB Katsuhiko Okamura 0-0: Foul Ball, location: 5F
0-1: Ball
1-1: Ball
2-1: Ground out 4-3 (Groundball, 4M, EV 88.1 MPH)
Batting: LHB Archie Wood 0-0: Ball
1-0: Foul Ball, location: 23F
1-1: Ball
2-1: Ball
3-1: Swinging Strike
3-2: Foul Ball, location: 5F
3-2: Strikes out looking
Batting: SHB Jorge Morán 0-0: SINGLE (Groundball, 6M, EV 88.8 MPH) (infield hit)
Batting: LHB Masanori Ikeda 0-0: Called Strike
0-1: Ball
1-1: Ball
2-1: Foul Ball, location: 7LMF
2-2: Strikes out swinging
Top of the 11th over - 0 runs, 1 hit, 0 errors, 1 left on base; Detroit 5 - Colorado 5
BOTTOM OF THE 11TH
Colorado Rockies batting - Pitching for Detroit Tigers : RHP Hamal bin Ra'id
Batting: RHB Ryan Russell 0-0: Called Strike
0-1: DOUBLE (Flyball, 89XD, EV 97.5 MPH)
Batting: RHB Chip Smith 0-0: Ball
1-0: Ball
2-0: Ball
3-0: Fly out, F8 (Flyball, 8RD, EV 81.9 MPH)
Runner from 2nd tags up, SAFE at 3rd with throw by CF
Batting: RHB Clyde Walmsley 0-0: Ground out 1-3 (Groundball, P, EV 61.3 MPH)
Batting: RHB Patrick Hammond 0-0: Called Strike
0-1: Ball
1-1: Called Strike
1-2: Foul Ball, location: 2F
1-2: Ball
2-2: Foul Ball, location: 5F
2-2: Ball
3-2: Foul Ball, location: 2F
3-2: Base on Balls
Pitching: RHP Raúl Olvera
Batting: RHB Cedric McNeill 0-0: Ball
1-0: Foul Ball, location: 2F
1-1: Foul Ball, location: 2F
1-2: Ball
2-2: Foul Ball, location: 2F
2-2: SINGLE (Line Drive, 78M, EV 98.8 MPH)
Ryan Russell scores
Bottom of the 11th over - 1 run, 2 hits, 0 errors, 1 left on base; Detroit 5 - Colorado 6
Saturday, February 10th , 2024 - OOTP Baseball 24.10 Build 82